 Dungeon Crawl Stone Soup version 0.17.0-27-g4a3f43e (webtiles) character file.

8464 xeno23 the Protected (level 11, -5/82 HPs)
             Began as a Hill Orc Fighter on Nov 21, 2015.
             Was an Elder of Beogh.
             Killed from afar by an ice statue (23 damage)
             ... with a shard of ice
             ... in an ice cave.
             The game lasted 01:16:41 (10173 turns).

xeno23 the Protected (Hill Orc Fighter)            Turns: 10173, Time: 01:16:42

Health: -5/82      AC: 25    Str: 25    XL:     11   Next: 31%
Magic:  14/14      EV:  7    Int: 10    God:    Beogh [****..]
Gold:   429        SH: 10    Dex: 10    Spells: 0 memorised, 10 levels left

rFire  . . .     SeeInvis .     a - +0 long sword
rCold  . . .     Clarity  .     S - +3 plate armour
rNeg   . . .     SustAt   +     c - +0 shield
rPois  .         Gourm    .     (no helmet)
rElec  .         Spirit   .     (no cloak)
rCorr  .         Warding  .     o - +1 pair of gloves
rMut   .         Stasis   .     j - +1 pair of boots
MR     .....                    (no amulet)
Stlth  ..........               (no ring)
                                g - ring of sustain attributes

@: not resistant to hostile enchantments, extremely unstealthy
A: clever 1, strong 1
a: Smiting, Recall Orcish Followers, Renounce Religion


You were in an ice cave.
You worshipped Beogh.
Beogh was greatly pleased with you.
You were not hungry.

You visited 3 branches of the dungeon, and saw 13 of its levels.
You also visited: Ossuary and Ice Cave.

You collected 1076 gold pieces.
You spent 647 gold pieces at shops.

Inventory:

Hand Weapons
 a - a +0 long sword (weapon)
 m - a +0 blowgun
Missiles
 b - 44 poisoned needles
 D - 6 poisoned tomahawks (quivered)
Armour
 c - a +0 shield (worn)
 j - a +1 pair of boots (worn)
 o - a +1 pair of gloves (worn)
 S - a +3 plate armour (worn)
Rods
 s - a +1 rod of clouds (13/13)
   (You found it on level 8 of the Dungeon)
Jewellery
 g - a ring of sustain attributes (left hand)
 h - an uncursed ring of fire
 M - an uncursed ring of fire
Wands
 q - a wand of disintegration (10)
 B - a wand of cold (4)
 C - a wand of digging (8)
 K - a wand of polymorph (9)
 O - a wand of paralysis (1)
 P - a wand of random effects (18)
Scrolls
 d - 3 scrolls of enchant armour
 f - 2 scrolls of blinking
 k - 3 scrolls of immolation
 r - 2 scrolls of remove curse
 v - a scroll of enchant weapon
 y - 5 scrolls of teleportation
 I - a scroll of silence
 N - a scroll of recharging
Potions
 i - 3 potions of agility
 p - 2 potions of heal wounds
 w - a potion of invisibility
 x - a potion of resistance
 z - 3 potions of haste
 A - 2 potions of might
 E - 2 potions of lignification
 F - 2 potions of mutation
 G - a potion of curing
Books
 u - a book of the Tempests

   Spells                             Type                      Level
   a - Static Discharge               Conjuration/Air              3
   b - Lightning Bolt                 Conjuration/Air              5
   c - Fireball                       Conjuration/Fire             5
   d - Tornado                        Air                          9
   e - Shatter                        Earth                        9
 H - a book of Necromancy

   Spells                             Type                      Level
   a - Pain                           Necromancy                   1
   b - Animate Skeleton               Necromancy                   1
   c - Vampiric Draining              Necromancy                   3
   d - Regeneration                   Charms/Necromancy            3
   e - Animate Dead                   Necromancy                   4
   f - Control Undead                 Necromancy                   4
 J - a book of Beasts

   Spells                             Type                      Level
   a - Summon Butterflies             Summoning                    1
   b - Call Canine Familiar           Summoning                    3
   c - Summon Ice Beast               Ice/Summoning                4
   d - Summon Mana Viper              Hexes/Summoning              5
   e - Summon Hydra                   Summoning                    7
 L - a book of Dreams

   Spells                             Type                      Level
   a - Ensorcelled Hibernation        Hexes/Ice                    2
   b - Phase Shift                    Translocation                5
   c - Shadow Creatures               Summoning                    5
   d - Silence                        Hexes/Air                    5
   e - Darkness                       Hexes                        6
   f - Mass Confusion                 Hexes                        6
Comestibles
 e - 9 bread rations
 l - 3 meat rations
 n - 3 fruits
 t - 7 beef jerkies


   Skills:
 - Level 3.6 Fighting
 * Level 10.8 Long Blades
 + Level 12.6 Armour
 + Level 4.8 Dodging
 - Level 3.2 Shields
 - Level 4.0 Invocations
 + Level 4.9 Evocations


You had 10 spell levels left.
You didn't know any spells.

Dungeon Overview and Level Annotations

Branches:
Dungeon (11/15)            Temple (1/1) D:5            Lair (0/8) D:9
    Orc (1/4) D:10

Altars:
Ashenzari
Cheibriados
Dithmenos
Elyvilon
Fedhas
Gozag
Kikubaaqudgha
Makhleb
Nemelex Xobeh
Okawaru
Qazlal
Ru
Sif Muna
Trog
Vehumet
Xom
Yredelemnul
Zin
The Shining One

Shops:
D:8 :?}(   D:9 [   D:10 }?*   Orc:1 (

Annotations:
IceCv exclusion: ice statue


Innate Abilities, Weirdness & Mutations

Your mind is acute. (Int +2)
Your muscles are strong. (Str +2)


Message History

The ice beast hits you. The ice beast freezes you!
You take 8 damage.
You block the ice beast's attack.
Found a curved runed staff.
You hit the ice statue.
The ice statue is severely damaged.
The ice beast hits you but does no damage.
You hit the ice statue but do no damage.
The ice statue is severely damaged.
The ice beast hits you but does no damage.
The ice statue throws cold at you. The bolt of cold hits you!
* * * LOW HITPOINT WARNING * * *
You take 12 damage.
You hit the ice statue but do no damage.
The ice statue is severely damaged.
You block the ice beast's attack. The ice statue throws ice at you.
The shard of ice hits you!
You die...

####### ##.#§§§###
#####.[...#..##
##.†∩##..####..#
#∩..####..###..#
#....# #..##.YY##
#...####...##Y8.##
##..####...####@..#
#...##...### #.###
#..##...## |#.
#......## ## ..
##...### ### #####


You could see an ice statue and 3 ice beasts.

Vanquished Creatures
  The ghost of bsdbeard the Summoner, a novice HuSu of the Shining One (D:11)
  The ghost of nublet the Ruffian, a novice CeTm of Sif Muna (D:6)
  A cyclops (D:11)
  A troll (D:11)
  A two-headed ogre (D:11)
  A yak (D:9)
  2 hippogriffs
  2 vampire mosquitoes (D:10)
  Edmund (D:5)
  4 wolves (IceCv)
  6 orc warriors
  A sky beast (D:9)
  2 ice beasts
  4 phantoms
  2 black bears (D:11)
  An ogre (D:7)
  A wasp (D:11)
  4 big kobolds
  2 elf zombies (Ossuary)
  6 giant frogs
  A gnoll sergeant (D:10)
  2 water moccasin zombies
  7 crimson imps
  A giant frog zombie (D:9)
  2 centaur zombies (Ossuary)
  2 hounds
  A centaur skeleton (D:8)
  A jelly (D:10)
  2 human zombies (Ossuary)
  2 iguanas
  3 orc priests
  8 orc wizards
  5 giant frog skeletons
  A quasit (D:6)
  4 worker ants
  A big kobold zombie (Ossuary)
  2 killer bee zombies
  2 hound skeletons
  2 mummies (Ossuary)
  10 adders
  6 gnolls
  A white imp (Orc:1)
  2 oozes
  A worm (D:6)
  7 giant geckos
  35 orcs
  5 goblins
  6 hobgoblins
  22 kobolds
  7 quokkas
  3 ball pythons (D:1)
  10 bats
  3 giant newts
  2 goblin zombies (Ossuary)
  8 hobgoblin zombies (Ossuary)
  4 jackals
  A jackal skeleton (D:7)
  A jackal zombie (Ossuary)
  8 kobold zombies (Ossuary)
  9 orc zombies (Ossuary)
  A quokka zombie (D:5)
  7 rats
  A rat zombie (Ossuary)
253 creatures vanquished.

Vanquished Creatures (collateral kills)
  An orc knight (Orc:1)
  A two-headed ogre (D:10)
  2 insubstantial wisps (D:10)
  2 vampire mosquitoes (D:10)
  A hungry ghost (D:10)
  3 wargs (Orc:1)
  A swamp drake (D:10)
  A water moccasin (D:9)
  A sky beast (D:9)
  3 ogres
  An ice beast (D:9)
  A scorpion (D:10)
  A crimson imp (D:10)
  An iguana (D:10)
  3 orc priests (D:10)
  5 orc wizards
  A worker ant (D:11)
  4 gnolls (D:10)
  11 white imps (Orc:1)
  A shadow imp (D:9)
  A giant gecko (D:11)
  16 orcs
  A rat (D:9)
63 creatures vanquished.

Vanquished Creatures (others)
  An ice beast (D:7)
  8 orcs
  A plant (D:9)
10 creatures vanquished.

Grand Total: 326 creatures vanquished

Notes
Turn   | Place    | Note
--------------------------------------------------------------
     0 | D:1      | xeno23 the Hill Orc Fighter began the quest for the Orb.
     0 | D:1      | Reached XP level 1. HP: 19/19 MP: 1/1
   178 | D:1      | Reached XP level 2. HP: 23/26 MP: 2/2
   276 | D:1      | Reached skill level 1 in Dodging
   872 | D:1      | Reached XP level 3. HP: 29/31 MP: 3/3
  1493 | D:3      | Gained mutation: You can translocate small distances at will. [potion of mutation]
  1493 | D:3      | Gained mutation: Your muscles are strong. (Str +2) [potion of mutation]
  1493 | D:3      | Lost mutation: You can translocate small distances at will. [potion of mutation]
  1507 | D:3      | Reached XP level 4. HP: 20/39 MP: 4/4
  1511 | D:3      | Found a faded altar to an unknown god.
  1787 | D:3      | Reached skill level 4 in Armour
  1852 | D:2      | Reached XP level 5. HP: 32/45 MP: 5/5
  2276 | D:4      | Reached skill level 5 in Armour
  2672 | D:4      | Reached XP level 6. HP: 43/51 MP: 6/6
  2856 | D:5      | Entered Level 5 of the Dungeon
  2925 | D:5      | Found a staircase to the Ecumenical Temple.
  2982 | D:5      | Reached skill level 6 in Armour
  2997 | Temple   | Entered the Ecumenical Temple
  3285 | D:5      | Noticed Edmund
  3587 | D:5      | Killed Edmund
  3587 | D:5      | Reached skill level 7 in Armour
  3587 | D:5      | Reached XP level 7. HP: 57/57 MP: 7/7
  3771 | D:5      | Reached skill level 8 in Armour
  3995 | D:6      | Reached skill level 5 in Long Blades
  3995 | D:6      | Reached XP level 8. HP: 46/64 MP: 8/8
  4007 | D:6      | Found an iron altar of Okawaru.
  4007 | D:6      | Found an ancient bone altar of Kikubaaqudgha.
  4059 | D:6      | Noticed nublet's ghost (novice CeTm)
  4088 | D:6      | Killed nublet's ghost
  4088 | D:6      | Reached skill level 9 in Armour
  4251 | D:6      | Reached skill level 10 in Armour
  4372 | D:7      | Became a worshipper of Beogh the Brigand
  4432 | D:7      | Found a shadowy altar of Dithmenos.
  4494 | D:7      | Found a basalt altar of Yredelemnul.
  4505 | D:7      | Reached XP level 9. HP: 66/70 MP: 9/9
  4865 | D:7      | Reached skill level 11 in Armour
  5242 | D:7      | Reached skill level 1 in Invocations
  5519 | D:8      | Found Ysi Kutz's Weapon Emporium.
  5571 | D:8      | Found Vekytatu's Book Emporium.
  5616 | D:8      | Reached * piety under Beogh
  5926 | D:8      | Found a sand-covered staircase.
  5931 | Ossuary  | Entered an ossuary
  6093 | Ossuary  | Reached ** piety under Beogh
  6299 | D:8      | Found Cedug's Magic Scroll Shoppe.
  6305 | D:8      | Bought a scroll of identify for 24 gold pieces
  6305 | D:8      | Bought a scroll of identify for 24 gold pieces
  6305 | D:8      | Bought a scroll of summoning for 114 gold pieces
  6318 | D:8      | Identified a +1 rod of clouds (13/13) (You found it on level 8 of the Dungeon)
  6581 | D:8      | Found Ydeshri's Gadget Emporium.
  6615 | D:8      | Found a bloodstained altar of Trog.
  6653 | D:9      | Reached skill level 1 in Evocations
  6704 | D:9      | Reached XP level 10. HP: 58/77 MP: 9/13
  6763 | D:9      | Found a staircase to the Lair.
  6797 | D:9      | Found Lainkil's Antique Armour Shop.
  7128 | D:9      | Reached *** piety under Beogh
  7630 | D:10     | Entered Level 10 of the Dungeon
  7665 | D:10     | Found Uduassat's Magic Scroll Emporium.
  7672 | D:10     | Bought a scroll of enchant armour for 90 gold pieces
  7672 | D:10     | Bought a scroll of identify for 24 gold pieces
  7672 | D:10     | Bought a scroll of recharging for 114 gold pieces
  7672 | D:10     | Bought a scroll of identify for 24 gold pieces
  7821 | D:10     | Found a staircase to the Orcish Mines.
  7868 | D:10     | Reached skill level 12 in Armour
  8408 | D:10     | Found Jeafruph's Gadget Emporium.
  8420 | D:10     | Found Diucs's General Store.
  8428 | D:10     | Bought a scroll of blinking for 97 gold pieces
  8428 | D:10     | Bought a potion of curing for 39 gold pieces
  8428 | D:10     | Bought a scroll of silence for 97 gold pieces
  8593 | D:10     | Found a basalt altar of Yredelemnul.
  8673 | D:11     | Reached skill level 10 in Long Blades
  8745 | D:11     | Got a steaming shortbow
  8833 | D:11     | Gained mutation: Your mind is acute. (Int +2) [potion of beneficial mutation]
  8834 | D:11     | Identified the +2 shortbow "Killer Klown's Bane" {flame, Str+12} (You found it on level 11 of the Dungeon)
  9068 | D:11     | Noticed a cyclops
  9081 | D:11     | Killed a cyclops
  9081 | D:11     | Reached XP level 11. HP: 57/82 MP: 14/14
  9391 | D:11     | Noticed bsdbeard's ghost (novice HuSu)
  9399 | D:11     | Killed bsdbeard's ghost
  9611 | Orc:1    | Entered Level 1 of the Orcish Mines
  9611 | Orc:1    | Noticed an orc knight
  9633 | Orc:1    | Killed an orc knight
  9830 | Orc:1    | Found Poil's Weapon Emporium.
  9844 | Orc:1    | Found a frozen archway.
  9852 | Orc:1    | Reached **** piety under Beogh
  9869 | IceCv    | Entered an ice cave
 10173 | IceCv    | Killed from afar by an ice statue

Action                   |  1- 3 |  4- 6 |  7- 9 | 10-12 || total
-------------------------+-------+-------+-------+-------++-------
Melee: Long sword        |   134 |   341 |   686 |   564 ||  1725
       Dagger            |     9 |       |       |       ||     9
Throw: Tomahawk          |       |     1 |     4 |    10 ||    15
Invok: Convert to Beogh  |       |       |     1 |       ||     1
       Smiting           |       |       |     1 |     8 ||     9
       Recall Orcish Fol |       |       |       |     1 ||     1
Evoke: Rod               |       |       |     1 |     4 ||     5
  Use: Potion            |     3 |     2 |     1 |     7 ||    13
       Scroll            |       |    11 |     8 |     8 ||    27
 Stab: Distracted        |       |       |     1 |     6 ||     7
       Confused          |       |       |       |     2 ||     2
  Eat: Chunk             |     2 |     8 |     7 |    11 ||    28
       Beef jerky        |       |       |     2 |     2 ||     4
       Royal jelly       |       |       |     1 |       ||     1
       Fruit             |       |       |       |     2 ||     2
